 Dungeon Crawl Stone Soup version 0.27.1-34-g3ba077fa99 (webtiles) character file.

Game seed: 3033330164604265928

35 melkoren the Ducker (level 3, -3/27 HPs)
             Began as a Vampire Gladiator on Jan 12, 2022.
             Slain by Terence (5 damage)
             ... on level 2 of the Dungeon.
             The game lasted 00:03:23 (764 turns).

melkoren the Ducker (Vampire Gladiator)              Turns: 764, Time: 00:03:24

Health: -3/27      AC:  4    Str: 13    XL:     3   Next: 16%
Magic:  3/3        EV: 13    Int: 10    God:
Gold:   71         SH:  0    Dex: 16    Spells: 2/2 levels left

rFire    + . .     SeeInvis +   a - +1 long sword
rCold    . . .     Faith    .   (no shield)
rNeg     . . .     Spirit   .   b - +0 leather armour
rPois    .         Reflect  .   c - +0 helmet
rElec    .         Harm     .   (no cloak)
rCorr    .         Rampage  .   (no gloves)
Will     .....                  (no boots)
Stlth    ++........             (no amulet)
HPRegen  0.29/turn              L - ring of flight
MPRegen  0.08/turn              F - ring of protection from fire

@: flying, healing quickly
A: alive, fangs 3, see invisible, vampiric 2
a: Exsanguinate


You were on level 2 of the Dungeon.
You visited 1 branch of the dungeon, and saw 2 of its levels.

You collected 71 gold pieces.


Innate Abilities, Weirdness & Mutations

Your natural rate of healing is accelerated.
You have razor-sharp teeth.
You have supernaturally acute eyesight. (SInv)
You are afflicted with vampirism and can become a bat while bloodless.


   Skills:
 + Level 2.1 Fighting
 * Level 3.5 Long Blades
 - Level 1.5 Throwing
 + Level 3.6 Dodging
 + Level 1.8 Stealth


You had 2 spell levels left.
You didn't know any spells.
Your spell library contained the following spells:

 Spells                   Type           Power      Damage    Failure   Level
 Stone Arrow              Conj/Erth      0%         3d7       82%         3
 Animate Armour           Summ/Erth      0%         N/A       99%         4
 Lehudib's Crystal Spear  Conj/Erth      0%         10d2      100%        8

Inventory:

Hand Weapons
 a - a +1 long sword (weapon)
Missiles
 d - 3 throwing nets (quivered) {=f!f}
 e - 27 stones
 g - 15 bolts
Armour
 b - a +0 leather armour (worn)
 c - a +0 helmet (worn)
Jewellery
 F - a ring of protection from fire (right hand)
   (You found it on level 1 of the Dungeon)
 L - a ring of flight (left hand)
   (You found it on level 1 of the Dungeon)
Scrolls
 h - a scroll of enchant weapon
Potions
 f - a potion of lignification {unknown}

Dungeon Overview and Level Annotations

Branches:
Dungeon (2/15)

Altars:

Annotations:
D:2 Sigmund, Terence

#.#####................#
#.....#####.####.#
#.###.#####.# #.#
#...<...#
#.#####.###########
#........#######
##.#.###.#.....#
#.#.###.#.....#
........†.@...#
#....##.#.@....... #...
#.#......##. #..
..######.# ## #### #


You could see Terence.


Message History

You see here a hobgoblin corpse.
Done exploring.
It was a potion of haste.
You feel yourself speed up.
It was a potion of might.
You feel very mighty all of a sudden.
As you read the scroll labelled ADILYT IFONTA, it crumbles to dust.
It is a scroll of amnesia.
You feel forgetful for a moment.
As you read the scroll labelled SYLETS INOEXKO, it crumbles to dust.
It is a scroll of enchant weapon.
Your +0 long sword glows red for a moment.
Done exploring.
Done exploring.
(D) Dungeon
Where to? (? - help)
What level of the Dungeon? (default 1, ? - help)
There is an escape hatch in the floor here.
Your extra speed is starting to run out.
There is a stone staircase leading down here.
You fly downwards.
There is a stone staircase leading up here.
Found a lumpy emerald potion.
You feel yourself slow down.
f - a lumpy emerald potion A bat comes into view.
Found a stone staircase leading down.
You feel a little less mighty now.
Found a stone staircase leading down.
The helpless bat fails to defend itself.
You hit the bat. The bat hits you but does no damage.
You hit the bat.
You kill the bat!
No target in view!
No target in view!
No target in view!
No target in view!
You see here a bat corpse.
Sigmund the Dreaded comes into view.
He is wielding a +0 scythe.
There is a stone staircase leading up here.
You fly upwards.
There is a stone staircase leading down here.
There is a stone staircase leading down here.
You fly downwards.
Level annotation: Sigmund
There is a stone staircase leading up here.
e - 27 stones (gained 21) Terence the Incautious comes into view.
He is wielding a +0 falchion and wearing a +4 ring mail of fire resistance.
A bat comes into view.
You slash the bat!
You kill the bat!
You see here a bat corpse.
Terence shouts!
You barely miss Terence.
Terence hits you with a +0 falchion. 😕 HP[-2]
You take 2 damage, and now have 25/27 hp.
You barely miss Terence.
Terence hits you but does no damage. 😕 HP[+1]
You closely miss Terence. Terence hits you with a +0 falchion.
Terence hits you but does no damage. 😮 HP[-6]
You take 6 damage, and now have 20/27 hp.
MASSIVE DAMAGE!! (PAUSE)
You hit Terence but do no damage. Terence hits you with a +0 falchion!
* * * LOW HITPOINT WARNING * * *
You hit Terence but do no damage. Terence closely misses you. 😮 HP[-6]
You take 6 damage, and now have 14/27 hp.
MASSIVE DAMAGE!! (PAUSE)
You hit Terence. Terence barely misses you.
You riposte.
You closely miss Terence. You hit Terence but do no damage.
Terence completely misses you.
Unknown command.
You hit Terence but do no damage. Terence hits you with a +0 falchion.
* * * LOW HITPOINT WARNING * * *
Terence hits you with a +0 falchion.
* * * LOW HITPOINT WARNING * * *
😨 HP[-6]
You take 6 damage, and now have 8/27 hp.
MASSIVE DAMAGE!! (PAUSE)
You hit Terence. You bite Terence, but do no damage. Terence barely misses you.
You riposte.
You hit Terence but do no damage. You hit Terence. Terence closely misses you.
You riposte.
You hit Terence but do no damage. 😨 HP[+1]
You closely miss Terence. Terence hits you with a +0 falchion.
* * * LOW HITPOINT WARNING * * *
😱 HP[-5]
You take 5 damage, and now have 4/27 hp.
Unknown command.
You hit Terence but do no damage. Terence hits you with a +0 falchion.
* * * LOW HITPOINT WARNING * * *
Terence misses you. 😱 HP[-3]
You take 3 damage, and now have 1/27 hp.
You closely miss Terence. Your bite misses Terence.
Terence completely misses you. 😱 HP[+1]
You hit Terence but do no damage. Your bite misses Terence.
Terence hits you with a +0 falchion.
You die...

Skill      XL: |  1  2 |
---------------+-------+-----
Stealth        | 1 |  1.8
Fighting       | 2 |  2.1
Long Blades    | |  3.5
Throwing       | |  1.5
Dodging        | |  3.6

Action                   || total
-------------------------++-------
Melee: Long sword        ||    83
       Bite              ||     6
  Use: Scroll            ||     2
       Potion            ||     2
 Stab: Sleeping          ||     2
Armor: Leather armour    ||    33
Dodge: Dodged            ||    56
       Rpst.: Long sword ||    16

Levels and vault maps discovered:
D:1:      dpeg_arrival_triangle_fractal, layout_rooms, hex_large,
          minmay_domino_4
D:2:      layout_loops_cross, basic_altar, uniq_sigmund, uniq_terence,
          uniq_jessica

Notes
Turn   | Place    | Note
-------+----------+-------------------------------------------
     0 | D:1      | melkoren the Vampire Gladiator began the quest for the Orb.
     0 | D:1      | Reached XP level 1. HP: 16/16 MP: 1/1
     0 | D:1      | magus.rc [v1.11.3]
   151 | D:1      | Reached skill level 1 in Stealth
   170 | D:1      | Reached XP level 2. HP: 22/22 MP: 2/2
   196 | D:1      | Reached skill level 2 in Fighting
   427 | D:1      | You pick up a book of Armaments and begin reading...
   427 | D:1      | You add the spells Stone Arrow, Animate Armour and
                  | Lehudib's Crystal Spear to your library.
   508 | D:1      | Gained mutation: You are afflicted with vampirism and can
                  | become a bat while bloodless. [Vampire growth]
   508 | D:1      | Reached XP level 3. HP: 27/27 MP: 3/3
   677 | D:2      | Noticed Sigmund
   742 | D:2      | Noticed Terence
   761 | D:2      | HP: 4/27 [Terence (5)]
   762 | D:2      | HP: 1/27 [Terence (3)]
   764 | D:2      | Slain by Terence

Vanquished Creatures
  A dart slug (D:1)
  2 ball pythons (D:1)
  2 endoplasms (D:1)
  2 giant cockroaches (D:1)
  A goblin (D:1)
  6 hobgoblins (D:1)
  A quokka (D:1)
  7 bats
  A frilled lizard (D:1)
  5 kobolds (D:1)
  3 rats (D:1)
31 creatures vanquished.

Table legend:
 A = Non-vault XP
 B = Vault XP
 C = Vault XP percentage of total XP
 D = Non-vault monster count
 E = Vault monster count
 F = Vault count percentage of total count
                 A         B        C        D         E       F
            +---------+---------+-------+---------+---------+-------
      Total |      45 |       5 |  10.0 |      28 |       3 |   9.7
            +---------+---------+-------+---------+---------+-------
        D:1 |      42 |       5 |  10.6 |      26 |       3 |  10.3
        D:2 |       3 |       0 |   0.0 |       2 |       0 |   0.0
            +---------+---------+-------+---------+---------+-------

Illustrated notes

Table legend:
 A = Kills in this place as a percentage of kills in entire the game.
 B = Kills by you in this place as a percentage of kills by you in the entire game.
 C = Kills by friends in this place as a percentage of kills by friends in the entire game.
 D = Other kills in this place as a percentage of other kills in the entire game.
 E = Experience gained in this place as a percentage of experience gained in the entire game.
 F = Experience gained in this place divided by the number of levels of this place that you have seen.
                   A       B       C       D       E      F
               +-------+-------+-------+-------+-------+----------------------
         Total | 100.0 | 100.0 |   N/A |   N/A | 100.0 |  25.0
       Dungeon | 100.0 | 100.0 |   N/A |   N/A | 100.0 |  25.0
               +-------+-------+-------+-------+-------+----------------------

Table legend: (Time is in decaauts)
 A = Elapsed time spent in this place.
 B = Non-inter-level travel time spent in this place.
 C = Inter-level travel time spent in this place.
 D = Time resting spent in this place.
 E = Time spent auto-exploring this place.
 F = Levels seen in this place.
 G = Mean time per level.
                   A        B        C        D        E       F      G
               +--------+--------+--------+--------+--------+-----+--------+
         Total |    768 |    742 |     26 |     36 |    442 |   2 |  384.0 |
       Dungeon |    768 |    742 |     26 |     36 |    442 |   2 |  384.0 |
               +--------+--------+--------+--------+--------+-----+--------+

Top non-repeatable levels by time:
     D:1: 652 daAuts
     D:2: 115 daAuts
